Map: 2000 Atmospheres LE

Players

MarineLorD

  • Race: Terran Terran
  • League: Master

goblin - Winner!

  • Race: Protoss Protoss
  • League: Master

Event: DreamHack SC2 Masters 2021 Summer

VOD

Have the link to the VOD?

Description

Time

  • Played on: May 20, 2021, 10:46 a.m.
  • Length: 10:48

All games in this series

Show
View Real Time Build Order
Export as new Build Order

MarineLorD Terran 

Build Orders:  

Get SALT Encoding   

  12  0:00  SCV  
  13  0:12  SCV  
  14  0:16  Supply Depot  
  14  0:24  SCV  
  15  0:38  SCV  
  15  0:40  Barracks  
  16  0:43  Refinery  
  16  0:50  SCV  
  17  1:02  SCV  
  18  1:14  SCV  
  19  1:27  Orbital Command, Marine  
  20  1:48  Command Center  
  20  1:53  SCV  
  21  1:59  Factory  
  21  2:03  Barracks Reactor  
  21  2:05  SCV  
  22  2:09  Supply Depot  
  22  2:17  SCV  
  22  2:19  Refinery  
  23  2:26  Bunker  
  23  2:31  SCV  
  24  2:43  Starport  
  24  2:44  SCV  
  24  2:49  Hellion x2  
  29  2:56  SCV  
  30  3:01  Orbital Command  
  30  3:11  Widow Mine x2  
  30  3:12  SCV  
  35  3:20  Medivac  
  35  3:24  SCV  
  38  3:27  SCV  
  38  3:32  Widow Mine x2  
  43  3:38  SCV  
  43  3:40  SCV  
  43  3:49  Supply Depot  
  43  3:52  Barracks Tech Lab  
  41  3:56  SCV  
  41  3:57  SCV  
  41  3:59  Starport Tech Lab, Command Center  
  43  4:04  Supply Depot  
  43  4:08  SCV  
  43  4:09  SCV  
  45  4:18  Cyclone  
  45  4:19  Marine x2  
  50  4:25  SCV  
  51  4:32  SCV, Barracks  
  51  4:35  Barracks  
  51  4:37  SCV, Marine x2  
  55  4:45  SCV  
  56  4:49  SCV  
  57  4:54  Marine x2  
  57  4:57  SCV  
  58  5:01  SCV  
  59  5:07  Supply Depot  
  59  5:09  SCV  
  59  5:12  Marine x2  
  59  5:13  SCV  
  63  5:16  Orbital Command  
  63  5:20  Engineering Bay  
  63  5:22  Refinery x2  
  63  5:24  SCV, Engineering Bay  
  64  5:30  Marine x2  
  64  5:31  SCV  
  64  5:34  Starport Reactor, Factory Reactor  
  64  5:35  Marauder, Stimpack, Combat Shield  
  69  5:36  SCV  
  69  5:38  Marauder  
  72  5:43  SCV x2  
  72  5:48  SCV  
  75  5:50  Marine x2  
  75  5:51  Terran Infantry Weapons Level 1  
  75  5:53  Terran Infantry Armor Level 1  
  75  5:55  SCV  
  75  5:56  Marauder  
  80  5:57  SCV  
  80  6:00  SCV  
  80  6:01  Supply Depot  
  80  6:03  Supply Depot  
  82  6:06  Marauder  
  82  6:08  SCV  
  85  6:18  Orbital Command  
  85  6:23  Widow Mine x2, Medivac x2  
  85  6:25  SCV x2  
  95  6:32  Marauder x2, Marine x2  
  99  6:37  Missile Turret  
  101  6:40  Supply Depot  
  101  6:42  SCV x2  
  101  6:44  Widow Mine x2, SCV  
  108  6:53  Barracks  
  108  6:54  Barracks  
  108  6:55  SCV  
  108  6:58  Missile Turret  
  109  7:01  SCV  
  109  7:04  Supply Depot  
  109  7:05  Marauder x2, Marine x2, Supply Depot  
  116  7:10  Widow Mine  
  117  7:17  Concussive Shells  
  117  7:20  Refinery  
  117  7:21  Refinery  
  117  7:26  SCV x3, Marine, Viking x2, Supply Depot  
  117  7:27  Marauder x2, Supply Depot  
  117  7:28  Marine  
  130  7:38  SCV  
  130  7:40  Starport  
  130  7:43  Barracks Reactor, Barracks Tech Lab  
  131  7:44  SCV  
  131  7:45  SCV  
  131  7:49  Marauder x2, Marine x2  
  139  7:52  SCV  
  139  7:55  Supply Depot  
  139  7:57  SCV x2, Supply Depot  
  142  8:04  SCV, Viking x2  
  148  8:12  Marauder  
  148  8:13  Marauder  
  148  8:16  Armory  
  148  8:17  Marauder  
  150  8:24  Viking, Supply Depot  
  150  8:25  Viking  
  153  8:34  Viking x2  
  159  8:41  Marauder x2  
  159  8:43  Marauder, Ghost Academy  
  163  8:55  Viking x2  
  163  9:02  Supply Depot  
  167  9:05  Command Center  
  167  9:06  Viking x2  
  169  9:21  Ghost x2  
  169  9:24  Ghost  
  168  9:41  Viking x4  
  176  9:47  Supply Depot  
  176  9:48  Supply Depot  
  176  9:50  Supply Depot  
  176  10:03  Ghost  
  178  10:11  Viking x3  
Show
View Real Time Build Order
Export as new Build Order

goblin Protoss - Winner!

Build Orders: 1 Gate Expand, Phoenix Opening, Colossus Rush 

Get SALT Encoding   

  12  0:00  Probe  
  13  0:12  Probe  
  14  0:17  Pylon  
  14  0:24  Probe (Chrono Boost)  
  15  0:36  Probe (Chrono Boost), Gateway  
  16  0:45  Probe (Chrono Boost), Assimilator  
  17  0:51  Probe  
  18  1:03  Probe  
  19  1:20  Nexus  
  19  1:23  Probe  
  20  1:33  Cybernetics Core  
  20  1:38  Probe  
  21  1:42  Assimilator  
  21  1:50  Probe  
  21  1:54  Pylon  
  21  2:02  Probe (Chrono Boost)  
  22  2:09  Stalker (Chrono Boost)  
  22  2:12  Probe (Chrono Boost)  
  25  2:17  Probe (Chrono Boost)  
  25  2:22  Stargate  
  27  2:32  Probe (Chrono Boost)  
  27  2:33  Probe (Chrono Boost), Stalker  
  30  2:41  Probe (Chrono Boost)  
  30  2:42  Warp Gate  
  30  2:43  Probe (Chrono Boost)  
  32  2:46  Probe (Chrono Boost)  
  33  2:53  Probe  
  33  2:58  Probe  
  35  3:05  Probe, Phoenix (Chrono Boost)  
  38  3:10  Probe  
  38  3:12  Pylon  
  39  3:17  Probe  
  40  3:22  Probe  
  40  3:23  Phoenix (Chrono Boost)  
  43  3:29  Probe  
  44  3:34  Probe, Gateway  
  43  3:42  Probe (Chrono Boost)  
  43  3:47  Probe (Chrono Boost)  
  45  3:49  Phoenix  
  45  3:53  Assimilator  
  48  3:57  Assimilator  
  48  3:59  Probe (Chrono Boost)  
  48  4:00  Probe (Chrono Boost)  
  48  4:02  Pylon  
  49  4:06  Probe (Chrono Boost), Robotics Facility  
  49  4:07  Probe  
  51  4:18  Probe, Phoenix  
  51  4:20  Probe  
  55  4:30  Probe  
  55  4:31  Pylon  
  56  4:32  Probe  
  57  4:42  Probe  
  57  4:43  Phoenix (Chrono Boost), Nexus  
  57  4:44  Pylon  
  60  4:50  Probe  
  61  4:54  Probe  
  62  5:03  Probe  
  62  5:04  Observer (Chrono Boost)  
  62  5:05  Phoenix (Chrono Boost), Zealot x2, Robotics Bay  
  70  5:08  Shield Battery  
  70  5:13  Probe  
  71  5:15  Probe  
  72  5:23  Phoenix  
  72  5:25  Observer (Chrono Boost)  
  72  5:26  Probe  
  72  5:27  Probe  
  77  5:34  Gateway  
  77  5:39  Probe  
  77  5:40  Pylon  
  77  5:41  Pylon  
  78  5:51  Observer, Colossus (Chrono Boost)  
  78  5:54  Pylon  
  86  5:57  Probe x2 (Chrono Boost)  
  86  5:58  Probe (Chrono Boost)  
  86  5:59  Sentry  
  86  6:00  Zealot  
  91  6:04  Extended Thermal Lance  
  91  6:09  Probe (Chrono Boost)  
  91  6:11  Probe x2 (Chrono Boost)  
  94  6:14  Probe (Chrono Boost), Phoenix  
  97  6:19  Probe, Assimilator  
  97  6:21  Assimilator  
  96  6:29  Probe x2  
  96  6:31  Probe  
  99  6:37  Colossus (Chrono Boost)  
  99  6:39  Phoenix  
  107  6:40  Gateway  
  107  6:41  Gateway  
  107  6:42  Pylon  
  107  6:51  Probe x2, Gateway  
  109  6:54  Probe  
  109  6:57  Forge  
  109  6:59  Twilight Council  
  110  7:04  Phoenix  
  112  7:13  Colossus (Chrono Boost)  
  112  7:14  Observer  
  112  7:19  Pylon  
  112  7:20  Pylon  
  118  7:24  Protoss Ground Weapons Level 1 (Chrono Boost)  
  118  7:27  Gateway  
  118  7:28  Charge (Chrono Boost), Pylon  
  118  7:29  Gateway  
  118  7:32  Probe  
  118  7:41  Zealot  
  118  7:42  Zealot x4  
  128  7:51  Templar Archives  
  128  7:56  Phoenix  
  128  7:58  Warp Prism  
  132  8:07  Nexus  
  132  8:09  Pylon  
  132  8:13  Pylon  
  132  8:14  Zealot x4  
  138  8:21  Phoenix  
  140  8:28  High Templar x4  
  140  8:33  Archon  
  140  8:34  Archon  
  148  8:41  Gateway  
  148  8:43  Gateway, Forge  
  148  8:44  Zealot  
  148  8:45  Zealot x3  
  148  8:46  Phoenix  
  156  8:58  Observer  
  156  9:01  Pylon x2  
  156  9:02  High Templar  
  156  9:03  High Templar, Zealot x2  
  156  9:07  Archon  
  152  9:20  High Templar  
  152  9:21  High Templar, Phoenix (Chrono Boost), Zealot x2  
  160  9:25  Archon  
  158  9:37  High Templar, Zealot x4  
  156  9:39  High Templar  
  156  9:44  Archon  
  156  9:50  Gateway  
  156  9:52  Gateway  
  154  10:02  Zealot  
  154  10:03  Zealot x7  
  155  10:17  Zealot x2  
  151  10:25  Zealot x8  
  143  10:41  Stalker x2  
Tags
 
Add a new tag
Caveats
  • Supply blocks, unpowered buildings, or Contaminate may cause inaccurate times.
  • Supply counts are checked every 10 seconds.